 Dungeon Crawl Stone Soup version 0.19-a0-1254-gb9c29c0 (webtiles) character file.

5915 Gruud the Carver (level 10, -7/67 HPs)
             Began as a Demonspawn Gladiator on Aug 27, 2016.
             Was a Believer of Qazlal.
             Mangled by a hill giant
             ... wielding a +0 giant club
              (27 damage)
             ... on level 9 of the Dungeon.
             The game lasted 00:25:04 (9165 turns).

Gruud the Carver (Demonspawn Gladiator)             Turns: 9165, Time: 00:25:05

Health: -7/67      AC: 14    Str: 15    XL:     10   Next: 53%
Magic:  0/16       EV: 11    Int: 13    God:    Qazlal [**....]
Gold:   530        SH:  2    Dex: 14    Spells: 2 memorised, 7 levels left

rFire  . . .     SeeInvis .     a - +3 long sword (freeze)
rCold  . . .     Gourm    .     q - +0 ring mail
rNeg   . . .     Faith    .     (no shield)
rPois  +         Spirit   +     (helmet restricted)
rElec  .         Dismiss  .     F - +0 cloak
rCorr  +         Reflect  .     n - +0 pair of gloves
MR     .....     Harm     .     (no boots)
Stlth  ++........ Clarity  +    (no amulet)
                                C - ring of resist corrosion
                                Q - +4 ring of protection

@: no status effects
A: antennae 2, yellow scales 2, clarity, nightstalker 1, poison resistance,
magic shield
a: Upheaval, Renounce Religion


You were on level 9 of the Dungeon.
You worshipped Qazlal.
Qazlal was pleased with you.
You were not hungry.

You visited 2 branches of the dungeon, and saw 10 of its levels.

You collected 530 gold pieces.

Inventory:

Hand Weapons
 a - a +3 long sword of freezing (weapon)
 H - a +1 shortbow of velocity
 M - a +1 long sword
Missiles
 d - a throwing net (quivered)
 I - 104 arrows
Armour
 e - a +0 buckler
 n - a +0 pair of gloves (worn)
 o - a +0 scale mail
 q - a +0 ring mail (worn)
 F - a +0 cloak (worn)
Jewellery
 h - an uncursed ring of flight
 j - an uncursed ring of wizardry
 y - an uncursed ring of poison resistance
 B - an uncursed ring of positive energy
 C - a ring of resist corrosion (right hand)
 Q - a +4 ring of protection (left hand)
Wands
 t - a wand of paralysis (7/24)
 D - a wand of lightning (3/15)
 G - a wand of confusion (23/48)
 J - a wand of slowing (9/48)
Scrolls
 c - a scroll of enchant weapon
 k - 6 scrolls of remove curse
 p - a scroll of fog
 w - a scroll of teleportation
 A - a scroll of noise {unknown}
 E - a scroll of amnesia
 K - a scroll of blinking {unknown}
 N - a scroll of random uselessness {unknown}
 O - a scroll of identify
 P - a scroll of immolation {unknown}
Potions
 b - 2 potions of degeneration {unknown}
 g - 3 potions of curing
 i - a potion of mutation {unknown}
 l - 3 potions of agility
 m - 2 potions of invisibility {unknown}
 r - a potion of lignification
 s - a potion of magic {unknown}
 v - 2 potions of cancellation
 x - a potion of haste
 z - a potion of heal wounds
 L - a potion of berserk rage {unknown}
Comestibles
 f - 7 bread rations
 u - 4 meat rations
 R - 2 fruits
 S - 19 chunks of flesh


   Skills:
 - Level 2.0 Fighting
 * Level 13.1 Long Blades
 - Level 1.7 Throwing
 - Level 2.6 Dodging
 + Level 8.5 Invocations


You had 7 spell levels left.
You knew the following spells:

 Your Spells              Type           Power        Failure   Level  Hunger
a - Apportation           Tloc           #.........   65%         1    ##.....
b - Summon Butterflies    Summ           #.......     65%         1    ##.....


Dungeon Overview and Level Annotations

Branches:
Dungeon (9/15)             Temple (1/1) D:6             Orc (0/2) D:9
   Lair: D:8-11

Altars:
Ashenzari
Cheibriados
Dithmenos
Elyvilon
Fedhas
Gozag
Hepliaklqana
Kikubaaqudgha
Makhleb
Nemelex Xobeh
Okawaru
Qazlal
Ru
Sif Muna
Trog
Uskayaw
Vehumet
Xom
Yredelemnul
Zin
The Shining One


Innate Abilities, Weirdness & Mutations

You have a pair of antennae on your head.
You are mostly covered in yellow scales. (AC +3)
You are slightly more attuned to the shadows.
When hurt, damage is shared between your health and your magic reserves.
You possess an exceptional clarity of mind.
Your system is resistant to poisons. (rPois)


Message History

You hear a shout!
Aiming: Upheaval
Press: ? - help, Dir - move target cursor, f/p - hill giant
Aim: a hill giant, wielding a giant club (lightly wounded, encased in ice) Magma suddenly erupts from the ground!
The blast of magma engulfs the hill giant.
The hill giant is heavily wounded.
A shadow imp comes into view.
You slash the hill giant! You freeze the hill giant.
The hill giant is severely wounded.
You hit the hill giant. You freeze the hill giant.
The hill giant is almost dead.
The hill giant hits you with a giant club!!!
* * * LOW HITPOINT WARNING * * *
You hit the hill giant. You freeze the hill giant.
The hill giant is almost dead.
Your ring mail prevents you from hitting the hill giant.
The hill giant is almost dead.
The hill giant hits you with a giant club!!
You die...

# .. # # #.# # ## .#5.#
#..#{ ...... ##.#{
#.##..######.## ...#{{
............... ...#
######.###.@C####'#+
...###....# #...#
...##...#.#.# #.).#
##.##...#.#.# #...#
##.##...#.#.# ###.#
##.##...#.#.# #.##
##.##...#.#.# #..#
##.##...<.#.# ##.#
##)##...###.######.###.#


You could see a hill giant and a shadow imp.

Vanquished Creatures
  Pikel (D:5)
  A kobold demonologist (D:8)
  5 yaks (D:9)
  A spriggan (D:7)
  A wyvern (D:8)
  2 hippogriffs
  A hungry ghost (D:7)
  2 ice beasts (D:5)
  3 sky beasts
  An ogre (D:8)
  3 phantoms
  3 centaurs
  10 big kobolds (D:8)
  2 giant frogs
  4 scorpions
  9 killer bees (D:8)
  4 wights (D:7)
  5 crimson imps
  2 jellies
  2 quasits
  2 hounds
  3 orc priests
  2 centaur skeletons
  A giant frog skeleton (D:5)
  6 orc wizards
  7 worker ants
  A hound zombie (D:5)
  A worker ant zombie (D:6)
  12 adders
  2 shadow imps
  5 worms
  4 dart slugs
  3 giant geckos
  14 orcs
  3 giant cockroaches
  14 hobgoblins
  22 jackals
  16 kobolds
  6 quokkas
  3 ball pythons
  11 bats
  2 giant newts
  9 goblins
  A jackal skeleton (D:7)
  2 quokka skeletons
  29 rats
243 creatures vanquished.

Vanquished Creatures (others)
  A jackal (D:5)
1 creature vanquished.

Grand Total: 244 creatures vanquished

Notes
Turn   | Place    | Note
-------+----------+-------------------------------------------
     0 | D:1      | Gruud the Demonspawn Gladiator began the quest for the Orb.
     0 | D:1      | Reached XP level 1. HP: 16/16 MP: 1/1
    28 | D:1      | Reached skill level 3 in Long Blades
    33 | D:1      | Gained mutation: You are slightly more attuned to the shadows. [demonic ancestry]
    33 | D:1      | Reached XP level 2. HP: 21/22 MP: 2/2
   198 | D:1      | You fall through a shaft!
   476 | D:1      | Gained mutation: When hurt, damage is shared between your health and your magic reserves. [demonic ancestry]
   476 | D:1      | Reached XP level 3. HP: 27/27 MP: 3/3
   619 | D:1      | Reached skill level 4 in Long Blades
   876 | D:2      | Found a shimmering altar of Xom.
  1106 | D:2      | Reached XP level 4. HP: 23/33 MP: 2/4
  2187 | D:3      | Reached skill level 5 in Long Blades
  2220 | D:3      | Reached XP level 5. HP: 17/38 MP: 3/5
  2619 | D:3      | Found a deep blue altar of Sif Muna.
  2619 | D:3      | Found a shimmering altar of Xom.
  2670 | D:3      | Learned a level 1 spell: Apportation
  2672 | D:3      | Learned a level 1 spell: Summon Butterflies
  3181 | D:4      | Reached skill level 6 in Long Blades
  3412 | D:4      | Noticed a phantom
  3467 | D:4      | Killed a phantom
  3467 | D:4      | Gained mutation: You have a pair of small antennae on your head. [demonic ancestry]
  3467 | D:4      | Reached XP level 6. HP: 30/44 MP: 4/6
  3921 | D:4      | Reached skill level 7 in Long Blades
  4028 | D:5      | Entered Level 5 of the Dungeon
  4028 | D:5      | Noticed a sky beast
  4028 | D:5      | Noticed an ice beast
  4090 | D:5      | Noticed an ice beast
  4092 | D:5      | You fall through a shaft!
  4393 | D:6      | Gained mutation: You are partially covered in yellow scales. (AC +2) [demonic ancestry]
  4393 | D:6      | Reached XP level 7. HP: 29/50 MP: 3/7
  4768 | D:6      | Found a sparkling altar of Nemelex Xobeh.
  4792 | D:6      | Found a staircase to the Ecumenical Temple.
  4800 | Temple   | Entered the Ecumenical Temple
  4972 | Temple   | Became a worshipper of Qazlal Stormbringer
  5149 | D:5      | Reached skill level 8 in Long Blades
  5155 | D:5      | Gained mutation: You are dopey. (Int -2) [mutagenic meat]
  5158 | D:5      | Gained mutation: Your system is resistant to poisons. (rPois) [mutagenic meat]
  5161 | D:5      | Gained mutation: You possess an exceptional clarity of mind. [mutagenic meat]
  5164 | D:5      | Lost mutation: You are dopey. (Int -2) [mutagenic meat]
  5563 | D:5      | Reached skill level 9 in Long Blades
  5563 | D:5      | Reached XP level 8. HP: 56/56 MP: 8/8
  5756 | D:5      | Noticed Pikel
  5842 | D:5      | Killed Pikel
  5842 | D:5      | Reached skill level 10 in Long Blades
  6467 | D:6      | Reached skill level 1 in Invocations
  6671 | D:6      | Reached * piety under Qazlal
  6814 | D:7      | Gained mutation: You are mostly covered in yellow scales. (AC +3) [demonic ancestry]
  6814 | D:7      | Reached XP level 9. HP: 53/61 MP: 7/10
  6852 | D:7      | Found a basalt altar of Yredelemnul.
  6886 | D:7      | Reached skill level 11 in Long Blades
  7893 | D:8      | Reached skill level 5 in Invocations
  8020 | D:8      | Reached skill level 12 in Long Blades
  8044 | D:8      | Reached ** piety under Qazlal
  8184 | D:8      | Noticed a kobold demonologist
  8187 | D:8      | Gained mutation: You have a pair of antennae on your head. [demonic ancestry]
  8187 | D:8      | Reached XP level 10. HP: 65/67 MP: 12/15
  8199 | D:8      | Noticed a sixfirhy
  8484 | D:8      | Got a steaming spear
  8489 | D:8      | Found a glowing silver altar of Zin.
  8564 | D:8      | Noticed an orange demon
  8614 | D:8      | Found a bloodstained altar of Trog.
  8873 | D:9      | Found a staircase to the Orcish Mines.
  9060 | D:9      | Reached skill level 13 in Long Blades
  9157 | D:9      | Noticed a hill giant
  9165 | D:9      | Mangled by a hill giant

Vault maps used:
D:1:      noname_arrival_rooms_in_the_neighbourhood, minmay_statues_item,
          minmay_pentomino_t4
D:2:      xom_teletrap_fun
D:3:      gammafunk_temple_overflow_wave, kennysheep_nondescript,
          minmay_rat_hole
D:5:      first_bread, uniq_pikel
D:6:      lemuel_crystal_altar
D:7:      lemuel_crystal_altar, the_bakery
D:8:      zin_treasury, special_room, trog_three_pillars_becter
D:9:      orc_0_dummy, bloody_trog
Temple:   eino_temple_rhombus

Skill      XL: |  1  2  3  4  5  6  7  8  9 10 |
---------------+-------------------------------+-----
Long Blades    | 3 4 5 6 7 9 10 12 13 | 13.1
Invocations    | 2 6 8 |  8.5
Fighting       | |  2.0
Throwing       | |  1.7
Dodging        | |  2.6

Action                   |  1- 3 |  4- 6 |  7- 9 | 10-12 || total
-------------------------+-------+-------+-------+-------++-------
Melee: Long sword        |   154 |   395 |   517 |   168 ||  1234
       Unarmed           |       |       |    13 |       ||    13
Throw: Throwing net      |       |       |     3 |       ||     3
Invok: Upheaval          |       |       |       |     4 ||     4
Evoke: Wand              |       |     2 |     4 |       ||     6
  Use: Scroll            |     1 |     4 |     3 |     1 ||     9
       Potion            |       |     2 |     1 |       ||     3
 Stab: Sleeping          |     7 |     9 |     4 |       ||    20
       Distracted        |     1 |       |       |       ||     1
       Paralysed         |       |     8 |       |       ||     8
       Held in net/web   |       |       |     1 |       ||     1
  Eat: Chunk             |     1 |    11 |    12 |     2 ||    26
       Pizza             |       |       |     2 |       ||     2
       Bread ration      |       |       |     2 |       ||     2
       Royal jelly       |       |       |     1 |       ||     1
       Fruit             |       |       |       |     1 ||     1
Armor: Leather armour    |    38 |       |       |       ||    38
       Scale mail        |     2 |     1 |       |       ||     3
       Ring mail         |       |   118 |   182 |    61 ||   361
       Skin              |       |    24 |       |       ||    24
Dodge: Dodged            |   101 |   149 |   195 |    65 ||   510
Block: Other             |       |       |    13 |    14 ||    27
